 Dungeon Crawl Stone Soup version 0.30.1-11-g7821555f0a (webtiles) character file.

Game seed: 9707378158082991625

160 Ijustatesigmund the Digger (level 5, -12/29 HPs)
             Began as a Gargoyle Earth Elementalist on Nov 7, 2023.
             Mangled by an ogre
             ... wielding a +0 giant club
              (32 damage)
             ... on level 4 of the Dungeon.
             The game lasted 00:02:57 (2538 turns).

Ijustatesigmund the Digger (GrEE)                   Turns: 2538, Time: 00:02:58

Health: -12/29     AC:  8    Str: 11    XL:     5   Next: 41%
Magic:  2/9        EV: 11    Int: 18    God:
Gold:   48         SH:  0    Dex: 10    Spells: 6/10 levels left

rFire   . . .        j - +0 mace
rCold   . . .        (no shield)
rNeg    + . .        a - +0 robe
rPois   ∞            e - +0 helmet
rElec   +            i - +0 cloak
rCorr   .            (no gloves)
SInv    .            (no boots)
Will    .....        (no amulet)
Stlth   ++           (no ring)
HPRegen 0.24/turn    (no ring)
MPRegen 0.11/turn

%: no passive effects
@: hasted, very quick
A: sickness immunity, AC +4, negative energy resistance 1, electricity
resistance, torment resistance 1, petrification resistance
a: no special abilities


You were on level 4 of the Dungeon.
You visited 1 branch of the dungeon, and saw 4 of its levels.

You collected 48 gold pieces.

Inventory:

Hand Weapons
 j - a +0 mace (weapon)
Armour
 a - a +0 robe (worn)
 e - a +0 helmet (worn)
 i - a +0 cloak (worn)
Scrolls
 c - a scroll of vulnerability {unknown}
 d - a scroll of immolation {unknown}
 f - a scroll of fog {unknown}
 h - a scroll of identify
 m - a scroll of enchant armour {unknown}
Potions
 b - a potion of magic
 g - a potion of curing
 k - a potion of might


   Skills:
 - Level 1.4 Fighting
 - Level 1.5 Dodging
 - Level 2.1 Stealth
 + Level 3.1 Spellcasting
 * Level 3.0 Conjurations
 - Level 0.7 Transmutations
 + Level 4.8 Earth Magic


You had 6 spell levels left.
You knew the following spells:

 Your Spells              Type           Power      Damage    Failure   Level
a - Sandblast             Erth           40%        2d10      2%          1
b - Stone Arrow           Conj/Erth      32%        3d9       10%         3

Your spell library contained the following spells:

 Spells                   Type           Power      Damage    Failure   Level
 Passwall                 Tmut/Erth      10%        N/A       8%          2
 Petrify                  Tmut/Erth      12%        N/A       45%         4
 Iskenderun's Battlesphe  Conj           13%        2d7       78%         5
 Iron Shot                Conj/Erth      8%         9d3       99%         6
 Spellforged Servitor     Conj/Summ      4%         N/A       100%        7


Dungeon Overview and Level Annotations

Branches:
Dungeon (4/15)
 Temple: D:4-7

Altars:


Innate Abilities, Weirdness & Mutations

You are immune to sickness and miasma.
Your stone body is resilient. (AC +4)
You are immune to poison.
You resist negative energy. (rN+)
You are resistant to electric shocks. (rElec)
You are resistant to unholy torment.
You are immune to petrification.


Message History

The scorpion stings you.
An ogre comes into view. It is wielding a +0 giant club.
Casting: Sandblast (safe; 2% risk of failure)
Confirm with . or Enter, or press ? or * to list all spells.
Aiming: Sandblast (safe; 2% risk of failure)
Press: ? - help, Shift-Dir - straight line, f/p - scorpion
Aim: a scorpion (82% to hit)
The blast of sand hits the scorpion but does no damage.
The scorpion stings you. The scorpion barely misses you.
Casting: Sandblast (safe; 2% risk of failure)
Confirm with . or Enter, or press ? or * to list all spells.
Aiming: Sandblast (safe; 2% risk of failure)
Press: ? - help, Shift-Dir - straight line, f/p - scorpion
Aim: a scorpion (82% to hit)
The blast of sand hits the scorpion.
The scorpion is lightly wounded.
The scorpion stings you but does no damage. x2
Casting: Sandblast (safe; 2% risk of failure)
Confirm with . or Enter, or press ? or * to list all spells.
Aiming: Sandblast (safe; 2% risk of failure)
Press: ? - help, Shift-Dir - straight line, f/p - scorpion
Aim: a scorpion (lightly wounded, 82% to hit)
The blast of sand hits the scorpion!
The scorpion is severely wounded.
The scorpion closely misses you.
The scorpion stings you but does no damage.
Casting: Sandblast (safe; 2% risk of failure)
Confirm with . or Enter, or press ? or * to list all spells.
Aiming: Sandblast (safe; 2% risk of failure)
Press: ? - help, Shift-Dir - straight line, f/p - scorpion
Aim: a scorpion (severely wounded, 82% to hit)
The blast of sand hits the scorpion!
You kill the scorpion!
Your Spellcasting skill increases to level 3!
Your Conjurations skill increases to level 3!
You have reached level 5!
You feel yourself speed up.
The ogre hits you with a +0 giant club!!
Ouch! That really hurt!
You die...

................
........$..)....
................
.##.............
................
#.#.#........#.
#..........# # #
#....O....## ...#.
##....@....#
......##...#.†###...#
#.......##...##..#
#...##..#....# ...
#..# ##.#...?.. ..
##. #........ #
##......## ##......
...#


You could see an ogre.

Vanquished Creatures
  A scorpion (D:4)
  5 adders
  2 worms (D:2)
  3 dart slugs
  6 endoplasms
  2 giant cockroaches (D:2)
  3 goblins
  2 hobgoblins (D:1)
  4 jackals (D:3)
  4 kobolds
  4 quokkas
  4 bats
  2 frilled lizards
  3 rats (D:1)
45 creatures vanquished.

Notes
Turn   | Place    | Note
-------+----------+-------------------------------------------
     0 | D:1      | Ijustatesigmund the Gargoyle Earth Elementalist began the
                  | quest for the Orb.
     0 | D:1      | Reached XP level 1. HP: 10/10 MP: 3/3
   139 | D:1      | Reached XP level 2. HP: 16/16 MP: 0/5
   229 | D:1      | Reached skill level 1 in Fighting
   419 | D:1      | Reached skill level 4 in Earth Magic
   924 | D:2      | Reached XP level 3. HP: 20/20 MP: 4/6
   928 | D:2      | Learned a level 3 spell: Stone Arrow
  1166 | D:2      | Reached skill level 1 in Conjurations
  1386 | D:2      | Reached XP level 4. HP: 25/25 MP: 5/7
  2518 | D:3      | You fall into a shaft and drop 1 floor!
  2529 | D:4      | Noticed a scorpion
  2533 | D:4      | Noticed an ogre
  2537 | D:4      | Killed a scorpion
  2538 | D:4      | Reached XP level 5. HP: 20/29 MP: 2/9
  2538 | D:4      | Mangled by an ogre

Illustrated notes

Levels and vault maps discovered:
D:1:      noname_arrival_rooms_in_the_neighbourhood, layout_basic,
          minmay_door_square
D:2:      layout_basic
D:3:      layout_basic, nicolae_ecumenical_oubliette, minmay_ogre_servants
D:4:      layout_cave_pools, kennysheep_mini_moat

Skill      XL: |  1  2  3  4 |
---------------+-------------+-----
Fighting       | 1 |  1.4
Earth Magic    | 4 |  4.8
Conjurations   | 1 3 |  3.0
Spellcasting   | 3 |  3.1
Dodging        | |  1.5
Stealth        | |  2.1
Transmutations | |  0.7

Action                     |  1- 3 |  4- 6 || total
---------------------------+-------+-------++-------
  Melee: Mace              |       |     4 ||     4
   Cast: Sandblast         |    41 |    30 ||    71
    Use: Scroll            |       |     3 ||     3
         Potion            |       |     1 ||     1
 Armour: Robe              |     3 |    23 ||    26
  Dodge: Dodged            |     2 |    20 ||    22
